 Dungeon Crawl Stone Soup version 0.14-a0-2052-gb76ddfe (webtiles) character file.

2626 Duskembrace the Covert (level 9, -4/39 HPs)
             Began as a Spriggan Enchanter on Jan 20, 2014.
             Was a Follower of Dithmengos.
             Slain by a merfolk
             ... wielding a +0,+0 spear
              (13 damage)
             ... on Level 7 of the Dungeon.
             The game lasted 00:26:31 (7061 turns).

Duskembrace the Covert (Spriggan Enchanter)         Turns: 7061, Time: 00:26:31

HP  -4/39        AC  5     Str  7      XL: 9   Next: 22%
MP  18/27        EV 23     Int 16      God: Dithmengos [*.....]
Gold 243         SH  0     Dex 17      Spells:  4 memorised, 10 levels left

rFire  . . .     SeeInvis +     s - +0,+2 elf short sword (venom)
rCold  . . .     Clarity  .     b - +1 robe
rNeg   + . .     Conserve .     (shield restricted)
rPois  .         rCorr    .     O - +0 hat
rElec  .         rRot     .     (no cloak)
SustAb . .       Spirit   .     (gloves unavailable)
rMut   .         Warding  +     (boots unavailable)
Saprov . . .     Stasis   .     M - amulet of warding {unknown}
MR     ++...                    P - +2 ring of protection
                                y - ring of protection from magic

@: wreathed by umbra, very quick, very resistant to hostile enchantments,
uncannily stealthy
A: unfitting armour, see invisible, herbivore 3, speed 3, slow metabolism 2
a: Renounce Religion


You were on level 7 of the Dungeon.
You worshipped Dithmengos.
Dithmengos was aware of your devotion.
You were not hungry.

You visited 2 branches of the dungeon, and saw 8 of its levels.
You also visited: Sewer.

You collected 243 gold pieces.

Inventory:

Hand weapons
 a - a +1,+1 dagger
 f - a +1,+2 dagger of holy wrath
 j - a +1,+2 dagger of protection
 r - a +1,+0 dagger of pain
 s - a +0,+2 elven short sword of venom (weapon)
 E - a +0,+0 cutlass
Missiles
 d - 12 darts (quivered)
 h - 17 darts of dispersal
Armour
 b - a +1 robe (worn)
 O - a +0 hat (worn)
Magical devices
 G - a wand of digging (13) {unknown}
 L - a wand of draining (3)
 R - a wand of random effects (8) {unknown}
Comestibles
 A - 2 pears
 B - 2 bread rations
 C - a choko
Scrolls
 m - a scroll of blinking {unknown}
 p - 4 scrolls of teleportation {unknown}
 q - 2 scrolls of identify
 t - 4 scrolls of remove curse {unknown}
 x - a scroll of enchant weapon I {unknown}
 D - a scroll of fog {unknown}
 F - a scroll of magic mapping {unknown}
 I - a scroll of random uselessness {unknown}
 K - 3 scrolls of noise {unknown}
 Q - a scroll of curse armour {unknown}
 S - a scroll of enchant weapon II {unknown}
Jewellery
 e - an uncursed ring of sustain abilities
 l - an uncursed ring of sustain abilities
 y - a ring of protection from magic (left hand)
 M - an amulet of warding (around neck) {unknown}
 P - a +2 ring of protection (right hand)
Potions
 g - 6 potions of heal wounds {unknown}
 i - 10 potions of curing
 k - 2 potions of lignification {unknown}
 n - a potion of paralysis {unknown}
 o - a potion of speed {unknown}
 u - a potion of agility {unknown}
 v - a potion of brilliance {unknown}
 w - a potion of flight {unknown}
 z - 2 potions of poison {unknown}
 H - a potion of restore abilities {unknown}
 J - 2 potions of resistance {unknown}
 N - a potion of confusion {unknown}
Books
 c - a book of Maledictions

   Spells                             Type                      Level
   *Corona                            Hexes                        1
   Sure Blade                         Hexes/Charms                 2
   *Ensorcelled Hibernation           Hexes/Ice                    2
   *Confuse                           Hexes                        3
   Enslavement                        Hexes                        4
   *Invisibility                      Hexes                        6


   Skills:
 + Level 3.8 Short Blades
 - Level 1.1 Throwing
 + Level 7.8 Dodging
 + Level 11.8 Stealth
 + Level 7.2 Spellcasting
 + Level 7.2 Hexes


You had 10 spell levels left.
You knew the following spells:

 Your Spells              Type           Power        Failure   Level  Hunger
a - Corona                Hex            ####...      1%          1    None
b - Ensorcelled Hibernat  Hex/Ice        ###...       6%          2    None
c - Confuse               Hex            ####....     1%          3    ##.....
d - Invisibility          Hex            ####....     87%         6    #######


Dungeon Overview and Level Annotations

Branches:
Dungeon (7/16)             Temple (1/1) D:5

Altars:
Ashenzari
Cheibriados
Dithmengos
Elyvilon
Nemelex Xobeh
Okawaru
Trog
Vehumet
Xom
Yredelemnul
Zin
the Shining One


Innate Abilities, Weirdness & Mutations

You are tiny and cannot use many weapons and most armour.
You have supernaturally acute eyesight.
You are a herbivore.
You cover ground extremely quickly.
You need consume almost no food.


Message History

The merfolk throws a throwing net.
The throwing net misses you.
Casting: Ensorcelled Hibernation
Confirm with . or Enter, or press ? or * to list all spells.
Aiming: Confuse
Press: ? - help, Shift-Dir - straight line, f/p - merfolk
Aim: a merfolk, wielding a spear The merfolk appears confused.
There is an open door here.
You strike the helpless merfolk from behind!
You impale the merfolk!!
The merfolk is heavily wounded.
The merfolk hits you with a spear!
Ouch! That really hurt!
* * * LOW HITPOINT WARNING * * *
You hit the merfolk.
The merfolk is poisoned.
The merfolk is heavily wounded.
You barely miss the merfolk.
The merfolk is heavily wounded.
The merfolk seems less confused.
The merfolk hits you with a spear!
You die...

..... ...# .# ...
#.###.# #.#
####.....#
##.#####.......##
.....:).........#
......##........#
......##.....######
#.....##.....#%#%%#
#.....##(....'.m@.#
###.####.....#%%≈≈#
###.#####....######
.......#####.#
.......## #.#
......... ..#
.......## ###
.......# .......#


You could see a merfolk.

Vanquished Creatures
  Grinder (D:3)
  A necrophage (D:7)
  A hippogriff (D:7)
  A sky beast (D:7)
  An ice beast (D:5)
  2 centaurs
  3 ogres
  A big kobold (Sewer)
  A manticore zombie (D:6)
  A cyclops skeleton (D:6)
  7 killer bees (D:7)
  A crimson imp (D:5)
  A goliath beetle (D:5)
  2 hounds
  3 iguanas
  2 big fish (D:7)
  2 orc wizards (D:7)
  A water moccasin zombie (D:6)
  7 worker ants
  A worker ant zombie (D:6)
  11 adders
  2 giant mites
  4 worms
  19 grey rats
  A giant eyeball (D:7)
  8 giant geckos
  2 oozes
  6 orcs
  15 bats
  A bat skeleton (D:6)
  2 giant cockroaches (D:3)
  12 hobgoblins
  11 jackals
  26 kobolds
  2 quokkas (D:2)
  7 ball pythons
  4 giant newts
  15 goblins
  15 rats
203 creatures vanquished.

Notes
Turn   | Place    | Note
--------------------------------------------------------------
     0 | D:1      | Duskembrace, the Spriggan Enchanter, began the quest for the Orb.
     0 | D:1      | Reached XP level 1. HP: 9/9 MP: 4/4
   131 | D:1      | Reached XP level 2. HP: 2/13 MP: 3/7
   150 | D:1      | Learned a level 2 spell: Ensorcelled Hibernation
   429 | D:1      | Reached skill level 4 in Hexes
   628 | D:1      | Reached XP level 3. HP: 14/16 MP: 8/11
   655 | D:1      | Learned a level 3 spell: Confuse
  1387 | D:2      | Reached XP level 4. HP: 13/21 MP: 2/13
  2135 | D:3      | Noticed Grinder
  2156 | D:3      | Killed Grinder
  2156 | D:3      | Reached skill level 5 in Dodging
  2156 | D:3      | Reached skill level 5 in Stealth
  2156 | D:3      | Reached skill level 5 in Hexes
  2156 | D:3      | Reached XP level 5. HP: 16/24 MP: 4/18
  2156 | D:3      | Reached XP level 6. HP: 18/28 MP: 4/20
  2552 | D:3      | Reached skill level 6 in Stealth
  2562 | D:3      | Found a glowing drain.
  2566 | Sewer    | Entered a sewer
  3415 | Sewer    | Reached XP level 7. HP: 32/32 MP: 22/22
  3590 | D:3      | Found a shattered altar of Ashenzari.
  3805 | D:4      | Reached skill level 7 in Stealth
  4496 | D:5      | Entered Level 5 of the Dungeon
  4549 | D:5      | Found a staircase to the Ecumenical Temple.
  4559 | D:5      | Reached skill level 8 in Stealth
  4559 | D:5      | Reached skill level 5 in Spellcasting
  4582 | Temple   | Entered the Ecumenical Temple
  4658 | Temple   | Became a worshipper of Dithmengos
  5104 | D:5      | Reached skill level 9 in Stealth
  5104 | D:5      | Reached XP level 8. HP: 36/36 MP: 22/24
  5538 | D:6      | Found a white marble altar of Elyvilon.
  5639 | D:6      | Reached skill level 10 in Stealth
  5724 | D:6      | Found a sparkling altar of Nemelex Xobeh.
  5728 | D:6      | Found a snail-covered altar of Cheibriados.
  5729 | D:6      | Found a basalt altar of Yredelemnul.
  6545 | D:7      | Reached skill level 11 in Stealth
  6596 | D:7      | Reached XP level 9. HP: 28/39 MP: 24/27
  7024 | D:7      | Learned a level 6 spell: Invisibility
  7061 | D:7      | Slain by a merfolk

Action                   |  1- 3 |  4- 6 |  7- 9 || total
-------------------------+-------+-------+-------++-------
Melee: Dagger            |    72 |   127 |    61 ||   260
       Short sword       |       |    34 |   185 ||   219
 Cast: Corona            |     6 |       |       ||     6
       Ensorcelled Hiber |    16 |    46 |    50 ||   112
       Confuse           |     3 |     2 |    11 ||    16
Evoke: Wand              |       |       |     1 ||     1
  Use: Potion            |       |     1 |     3 ||     4
       Scroll            |       |       |     4 ||     4
 Stab: Sleeping          |    20 |    34 |    57 ||   111
       Confused          |       |     2 |     6 ||     8
       Distracted        |       |       |     1 ||     1
